 Dungeon Crawl Stone Soup version 0.28-a0-1518-gbe868bca14 (webtiles) character file.

Game seed: 13095939246562036952

9 comborobin the Sneak (level 2, 0/24 HPs)
             Began as a Merfolk Delver on Jan 17, 2022.
             Was an Initiate of Cheibriados.
             Slain by an iguana (7 damage)
             ... on level 6 of the Dungeon.
             The game lasted 00:00:50 (183 turns).

comborobin the Sneak (Merfolk Delver)                Turns: 183, Time: 00:00:50

Health: 0/24       AC:  3    Str: 13    XL:     2   Next: 12%
Magic:  2/2        EV: 12    Int: 10    God:    Cheibriados [......]
Gold:   19         SH:  0    Dex: 16    Spells: 1/1 levels left

rFire   . . .      SeeInvis .     - Unarmed
rCold   . . .      Faith    .   (no shield)
rNeg    . . .      Spirit   .   a - +0 leather armour
rPois   .          Reflect  .   (no helmet)
rElec   .          Harm     .   (no cloak)
rCorr   .          Rampage  .   (no gloves)
Will    .....                   (no boots)
Stlth   +++.......              (no amulet)
HPRegen 0.08/turn               (no ring)
MPRegen 0.08/turn               (no ring)

@: very slow
A: (nimble swimmer 2), mertail
a: Renounce Religion


You were on level 6 of the Dungeon.
You worshipped Cheibriados.
Cheibriados was noncommittal.
You visited 2 branches of the dungeon, and saw 3 of its levels.

You collected 19 gold pieces.

Inventory:

Armour
 a - a +0 leather armour (worn)
Wands
 f - a wand of digging (3)
Scrolls
 b - a scroll of fog
 d - a scroll of fear


   Skills:
 - Level 3.2 Fighting
 - Level 2.6 Dodging
 - Level 5.4 Stealth
 + Level 3.1 Unarmed Combat


You had one spell level left.
You didn't know any spells.
Your spell library was empty.

Dungeon Overview and Level Annotations

Branches:
Dungeon (6/15)             Temple (1/1) D:5

Altars:
Cheibriados
Dithmenos
Elyvilon
Hepliaklqana
Makhleb
Okawaru
Qazlal
Trog
Uskayaw
Yredelemnul
Zin
The Shining One


Innate Abilities, Weirdness & Mutations

((You are very nimble when in or above water. (Stealth+, EV+, Speed+++)))
Your lower body shifts to a powerful aquatic tail in water.


Message History

(D) Dungeon (T) Temple
Where to? (Enter - Temple @ (x,y), ? - help)
There is a staircase back to the Dungeon here.
You climb upwards.
There is a staircase to the Ecumenical Temple here.
There is a stone staircase leading down here.
Okay, then.
Unknown command.
You climb downwards.
You hear the sound of rushing water.
There is an entrance to a sewer on this level.
Hurry and find it before the portal rusts away!
You hear the rusting of a very distant drain.
The iguana hisses angrily.
There is a stone staircase leading up here.
Unknown command.
Unknown command.
Unknown command.
You aren't carrying any potions.
Okay, then.
Okay, then.
Unknown command.
You hit the iguana but do no damage.
The iguana bites you but does no damage.
You barely miss the iguana. The iguana bites you!
You closely miss the iguana. The iguana barely misses you.
You closely miss the iguana. The iguana misses you.
You closely miss the iguana. The iguana completely misses you.
You hit the iguana but do no damage. The iguana completely misses you.
You hit the iguana but do no damage. The iguana barely misses you.
You hit the iguana.
The iguana is lightly wounded.
The iguana bites you.
* * * LOW HITPOINT WARNING * * *
You hit the iguana but do no damage.
The iguana is lightly wounded.
The iguana barely misses you.
You hit the iguana.
The iguana is lightly wounded.
The iguana bites you!
You die...

*,**** *,******* *,**** *,,,,*
*,,,,,,,* *,,,,, *,**,*
*,*****,****,**** *,*,,*
*,*,,,,,,,,,,,,,, *********,*,**
*,*,***,****,****
,,,,,,,,,,,,,****,*,,,*,* *,*
*********.*,,,,,,,*,,,*,* *,*
*,,....######.###,****,***
*,*,#.....@l....#,,,,,,,,**
*,*,#...##.##.#.#,,***,*,*,
*,*,#.,,*<..,,*,*,,*,,,*,*,
*,*,*,,,#.###**,*,,*,,,,,,,
*,*,*,,,#.,,,,,,*,,*,,,,,,,
*******,*,*,,,##**,,***,,*,,,,,,*
,,,,,,,,*,*,,,,,,,,8,,,,,,,,,,,,,
,,,,,,,**,*,,******<*************
,,,,,,,,*,*,,,,,,8,∩,8,,,,,,,,,,,


You could see an iguana.

Vanquished Creatures
  An adder (D:5)
1 creature vanquished.

Notes
Turn   | Place    | Note
-------+----------+-------------------------------------------
     0 | D:5      | comborobin the Merfolk Delver began the quest for the Orb.
     0 | D:5      | Reached XP level 1. HP: 18/18 MP: 1/1
    46 | D:6      | Noticed an iguana
    70 | D:5      | Found a staircase to the Ecumenical Temple.
    89 | D:5      | Reached XP level 2. HP: 24/24 MP: 2/2
    91 | Temple   | Entered the Ecumenical Temple
   145 | Temple   | Became a worshipper of Cheibriados the Contemplative
   183 | D:6      | Slain by an iguana

Illustrated notes

Levels and vault maps discovered:
D:5:      layout_gridville, amethyst_overflow_temple_binary,
          minmay_temple_entry_statues_pillars, uniq_edmund,
          uniq_crazy_yiuf_cottage
D:6:      layout_basic, serial_shops, nicolae_shop_statue_plus,
          portal_sewer_entry_a
Temple:   dshaligram_water_room_temple

Skill      XL: |  1 |
---------------+----+-----
Unarmed Combat | 3 |  3.1
Fighting       | |  3.2
Dodging        | |  2.6
Stealth        | |  5.4

Action                   || total
-------------------------++-------
Melee: Unarmed           ||    17
  Use: Scroll            ||     1
       Potion            ||     1
Armor: Leather armour    ||     3
Dodge: Dodged            ||     9

Table legend: (Time is in decaauts)
 A = Elapsed time spent in this place.
 B = Non-inter-level travel time spent in this place.
 C = Inter-level travel time spent in this place.
 D = Time resting spent in this place.
 E = Time spent auto-exploring this place.
 F = Levels seen in this place.
 G = Mean time per level.
                   A        B        C        D        E       F      G
               +--------+--------+--------+--------+--------+-----+--------+
         Total |    177 |    144 |     33 |      0 |     81 |   3 |   59.0 |
       Dungeon |    120 |     99 |     21 |      0 |     50 |   2 |   60.0 |
        Temple |     56 |     45 |     11 |      0 |     31 |   1 |   56.0 |
               +--------+--------+--------+--------+--------+-----+--------+

Top non-repeatable levels by time:
     D:5: 105 daAuts
  Temple: 56 daAuts
     D:6: 15 daAuts
